 Dungeon Crawl Stone Soup version 0.31-a0-219-g8d62b2e7bb (webtiles) character file.

Game seed: 12207819186033218632

96 oldmanjim the Changer (level 4, -4/28 HPs)
             Began as an Octopode Transmuter on July 4, 2023.
             Slain by a gnoll
             ... wielding a +0 flail
              (8 damage)
             ... on level 3 of the Dungeon.
             The game lasted 00:13:05 (1996 turns).

oldmanjim the Changer (Octopode Transmuter)         Turns: 1996, Time: 00:13:05

Health: -4/28      AC:  1    Str:  9    XL:     4   Next: 67%
Magic:  6/7        EV: 13    Int: 17    God:
Gold:   2          SH:  0    Dex: 12    Spells: 3/7 levels left

rFire   . .          .
                       - Unarmed
rCold   + . .        (no shield)
rNeg    . . .        (helmet currently unavailable)
rPois   .            (no amulet)
rElec   .            o - ring of protection from cold
rCorr   .            (no ring)
SInv    .            (no ring)
Will    .....        (no ring)
Stlth   ++           (no ring)
HPRegen 0.24/turn    (no ring)
MPRegen 0.10/turn    (no ring)
                     (no ring)

%: no passive effects
@: appendages (expiring)
A: tentacle spike 3, almost no armour, amphibious, 8 rings, camouflage 1,
gelatinous body 1, (nimble swimmer 1), tentacles
a: End Transformation


You were on level 3 of the Dungeon.
One of your tentacles had grown a beastly spike.
You visited 1 branch of the dungeon, and saw 3 of its levels.

You collected 77 gold pieces.
You spent 75 gold pieces at shops.

Inventory:

Missiles
 g - 10 stones (quivered)
 r - 5 boomerangs
 w - 7 poisoned darts
Jewellery
 m - a ring of ice
 o - a ring of protection from cold (left tentacle)
Scrolls
 c - a scroll of poison {unknown}
 f - 4 scrolls of identify {unknown}
 i - 2 scrolls of amnesia {unknown}
 k - a scroll of revelation {unknown}
 l - 2 scrolls of enchant armour {unknown}
 n - a scroll of enchant weapon {unknown}
 p - a scroll of butterflies {unknown}
 s - a scroll of torment {unknown}
 t - a scroll of blinking
 u - a scroll of fear {unknown}
 v - a scroll of vulnerability {unknown}
Potions
 a - 3 potions of lignification
 b - a potion of enlightenment {unknown}
 d - a potion of resistance {unknown}
 e - a potion of curing {unknown}
 h - a potion of degeneration {unknown}
 j - a potion of attraction {unknown}
 q - a potion of heal wounds {unknown}


   Skills:
 - Level 1.0 Fighting
 - Level 2.0 Dodging
 - Level 3.0 Unarmed Combat
 - Level 2.0 Spellcasting
 + Level 4.5 Transmutations
 + Level 1.4 Poison Magic


You had 3 spell levels left.
You knew the following spells:

 Your Spells              Type           Power      Damage    Failure   Level
a - Beastly Appendage     Tmut           34%        N/A       3%          1
b - Spider Form           Tmut/Pois      11%        N/A       17%         3

Your spell library contained the following spells:

 Spells                   Type           Power      Damage    Failure   Level
 Wereblood                Tmut           17%        N/A       4%          2
 Passwall                 Tmut/Erth      7%         N/A       12%         2
 Sandblast                Erth           2%         2d4       19%         1
 Cigotuvi's Dreadful Rot  Necr/Pois/Air  6%         N/A       24%         2
 Stone Arrow              Conj/Erth      2%         3d7       50%         3
 Ice Form                 Ice/Tmut       9%         N/A       58%         4
 Dispel Undead            Necr           1%         3d6       88%         4
 Death Channel            Necr           0%         N/A       100%        6


Dungeon Overview and Level Annotations

Branches:
Dungeon (3/15)

Altars:

Shops:
D:1 ?


Innate Abilities, Weirdness & Mutations

One of your tentacles has grown a beastly spike.
You cannot wear most types of armour.
You are amphibious.
You can wear up to eight rings at the same time.
Your skin changes colour to match your surroundings (Stealth+).
Your rubbery body absorbs attacks. (AC +1, EV +1)
((You are camouflaged when in or above water. (Stealth+)))
You have tentacles for arms and can constrict up to eight enemies at once.


Message History

The bat hits you. The bat barely misses you. The bat attacks as you move away!
The bat hits you but does no damage. The bat barely misses you.
Casting: Beastly Appendage (safe; 3% risk of failure)
Confirm with . or Enter, or press ? or * to list all spells.
One of your tentacles grows a vicious spike.
The bat hits you but does no damage. The bat barely misses you.
The bat hits you.
You tentacle-slap the bat. You grab the bat. Your squeeze misses the bat.
The bat is moderately wounded.
You constrict the bat, but do no damage.
The bat completely misses you.
The bat struggles to escape constriction.
You tentacle-slap the bat.
You kill the bat!
A gnoll comes into view. It is wielding a +0 spear.
The gnoll closely misses you. The gnoll misses you.
You see here a bat corpse.
You closely miss the gnoll.
The gnoll shouts!
You grab the gnoll.
You squeeze the gnoll, but do no damage.
You constrict the gnoll, but do no damage.
The gnoll hits you with a +0 flail.
The gnoll hits you from afar with a +0 spear.
You tentacle-slap the gnoll but do no damage.
Your transformation is almost over.
You constrict the gnoll, but do no damage.
The gnoll hits you with a +0 flail.
The gnoll hits you from afar with a +0 spear.
You tentacle-slap the gnoll.
The gnoll is lightly wounded.
You constrict the gnoll. The gnoll hits you with a +0 flail!
* * * LOW HITPOINT WARNING * * *
The gnoll closely misses you.
You release your grip on the gnoll.
The gnoll attacks as you move away! The gnoll closely misses you.
The gnoll attacks as you move away! The gnoll barely misses you.
The gnoll attacks as you move away! The gnoll hits you with a +0 flail!
You die...

### #....# #.####
..###....# #.# #.##.....#
#.# ####### #.##.....#
#.# #.....# #.##...###
#.#### #.###.# #.##...#
#.#... #.#
#.###.##..÷######.#.##
#.#
#..........'..........
#.#
#>...@.....######.#.##
#.# #####g##...÷## #.#.#
#.#######g##...).# #.#.#
#.##....#.##...#.# #.#.#
#.....^...##...#.# #.#.#
####....####...#.####.#.#
#....########....#.#.#
#............###...).#
#....#######.#####.#.##


You could see 2 gnolls.

Vanquished Creatures
  4 adders
  A worm (D:2)
  2 dart slugs
  3 orcs (D:3)
  7 ball pythons
  4 bats
  2 endoplasms (D:2)
  A giant cockroach (D:1)
  4 goblins
  2 hobgoblins (D:1)
  2 jackals (D:1)
  8 kobolds
  3 quokkas
  2 frilled lizards
  5 rats (D:1)
50 creatures vanquished.

Notes
Turn   | Place    | Note
-------+----------+-------------------------------------------
     0 | D:1      | oldmanjim the Octopode Transmuter began the quest for the
                  | Orb.
     0 | D:1      | Reached XP level 1. HP: 13/13 MP: 3/3
   119 | D:1      | Reached XP level 2. HP: 16/18 MP: 3/5
   248 | D:1      | Reached skill level 3 in Transmutations
   553 | D:1      | Reached XP level 3. HP: 23/23 MP: 3/6
   557 | D:1      | Learned a level 3 spell: Spider Form
   575 | D:1      | Found a faded altar of an unknown god.
   758 | D:1      | Found Voczyoho's Magic Scroll Shoppe.
  1157 | D:2      | Reached skill level 4 in Transmutations
  1422 | D:2      | Reached XP level 4. HP: 28/28 MP: 5/7
  1601 | D:1      | Bought a scroll of blinking for 75 gold pieces
  1767 | D:3      | Reached skill level 1 in Poison Magic
  1996 | D:3      | Slain by a gnoll

Illustrated notes

Levels and vault maps discovered:
D:1:      dpeg_arrival_oval, layout_rooms, serial_shops,
          nicolae_shop_hallway_stairs, hellmonk_ecumenical_altar_lost_god
D:2:      layout_basic
D:3:      layout_basic, corexii_leaking_fountain

Skill      XL: |  1  2  3  4 |
---------------+-------------+-----
Transmutations | 3 4 |  4.5
Poison Magic   | 1 |  1.4
Fighting       | |  1.0
Dodging        | |  2.0
Unarmed Combat | |  3.0
Spellcasting   | |  2.0

Action                     |  1- 3 |  4- 6 || total
---------------------------+-------+-------++-------
  Melee: Unarmed           |    65 |    39 ||   104
         Constrict         |    21 |    11 ||    32
         Kick              |    20 |    10 ||    30
         Tentacles         |     8 |     8 ||    16
         Punch             |     1 |       ||     1
  Throw: Stone             |       |     1 ||     1
   Cast: Beastly Appendage |    34 |     7 ||    41
   Stab: Sleeping          |     8 |     1 ||     9
 Armour: Skin              |     6 |     3 ||     9
  Dodge: Dodged            |    36 |    30 ||    66

Table legend: (Time is in decaauts)
 A = Elapsed time spent in this place.
 B = Non-inter-level travel time spent in this place.
 C = Inter-level travel time spent in this place.
 D = Time resting spent in this place.
 E = Time spent auto-exploring this place.
 F = Levels seen in this place.
 G = Mean time per level.
                   A        B        C        D        E       F      G
               +--------+--------+--------+--------+--------+-----+--------+
         Total |   1992 |   1895 |     97 |      0 |   1330 |   3 |  664.0 |
       Dungeon |   1992 |   1895 |     97 |      0 |   1330 |   3 |  664.0 |
               +--------+--------+--------+--------+--------+-----+--------+

Top non-repeatable levels by time:
     D:1: 798 daAuts
     D:2: 730 daAuts
     D:3: 463 daAuts
